 Dungeon Crawl Stone Soup version 0.25-a0-435-g4b9beb1 (webtiles) character file.

Game seed: 1056833598222440765, levelgen mode: deterministic

160 2tousent the Skirmisher (level 5, 0/46 HPs)
             Began as a Demonspawn Monk on Jan 27, 2020.
             Was a Priest of Jiyva.
             Slain by a gnoll
             ... wielding a +0 spear
              (7 damage)
             ... on level 3 of the Dungeon.
             The game lasted 00:05:22 (1821 turns).

2tousent the Skirmisher (Demonspawn Monk)           Turns: 1821, Time: 00:05:23

Health: 0/46       AC:  5    Str: 13    XL:     5   Next: 17%
Magic:  5/5        EV: 11    Int: 12    God:    Jiyva [***...]
Gold:   139        SH:  0    Dex: 14    Spells: 4/4 levels left

rFire    . . .     SeeInvis .     - Unarmed
rCold    . . .     Gourm    .   (no shield)
rNeg     . . .     Faith    .   j - +0 ring mail
rPois    .         Spirit   .   (no helmet)
rElec    .         Reflect  .   (no cloak)
rCorr    +         Harm     .   (no gloves)
MR       .....                  (no boots)
Stlth    ++........             (no amulet)
HPRegen  0.15/turn              m - ring of stealth
MPRegen  0.09/turn              (no ring)

@: no status effects
A: hooves 1, demonic guardian 1
a: Request Jelly, Renounce Religion


You were on level 3 of the Dungeon.
You worshipped Jiyva.
Jiyva was most pleased with you.
You were not hungry.

You visited 1 branch of the dungeon, and saw 3 of its levels.

You collected 139 gold pieces.

Inventory:

Armour
 a - a +0 robe
 j - a +0 ring mail (worn)
Jewellery
 m - a ring of stealth (left hand)
Wands
 n - a wand of enslavement (5)
Scrolls
 h - a scroll of teleportation
 k - a scroll of fog {unknown}
Potions
 c - a potion of haste
 d - a potion of invisibility
 e - a potion of lignification
 g - a potion of brilliance {unknown}
 i - a potion of ambrosia {unknown}
 l - 2 potions of curing
Comestibles
 b - 4 rations
 f - a chunk of flesh


   Skills:
 * Level 5.9 Fighting
 - Level 2.6 Dodging
 - Level 1.7 Stealth
 - Level 2.6 Unarmed Combat


You had 4 spell levels left.
You didn't know any spells.
Your spell library was empty.

Dungeon Overview and Level Annotations

Branches:
Dungeon (3/15)

Altars:
Jiyva


Innate Abilities, Weirdness & Mutations

You have large cloven feet.
A weak demonic guardian rushes to your aid.


Message History

You start resting.
You hear a distant slurping noise.
Jiyva appreciates your sacrifice.
The gnoll is no longer charmed.
The gnoll closely misses you.
A gnoll is nearby!
A gnoll is nearby!
You hit the gnoll.
The gnoll is moderately wounded.
The gnoll hits you but does no damage.
You hit the gnoll but do no damage.
The gnoll is moderately wounded.
The gnoll hits you with a +0 spear!
* * * LOW HITPOINT WARNING * * *
You hit the gnoll but do no damage. You kick the gnoll.
The gnoll is moderately wounded.
The gnoll hits you but does no damage.
You hit the gnoll. You kick the gnoll.
The gnoll is almost dead.
The gnoll hits you with a +0 spear!
You die...

#..# ##.# #....#
##..# ...# #....#
#...#....# #....#
#...#... #....#
##..... #....# #..).#
#....# #. #..รท)#
#....#
#...#..(g####...
#....#
.......@........
#.####
#######.###########.#
#(............#
###############


You could see a gnoll.

Vanquished Creatures
  Natasha (thrice) (D:2)
  A gnoll (D:3)
  2 adders (D:2)
  A worm (D:2)
  3 leopard geckos
  An orc (D:3)
  2 giant cockroaches
  4 goblins
  5 hobgoblins
  2 jackals (D:3)
  3 bats
  5 frilled lizards
  4 kobolds
  6 rats
42 creatures vanquished.

Vanquished Creatures (collateral kills)
  An adder (D:3)
  2 gnolls (D:3)
  A kobold (D:3)
  A rat (D:3)
5 creatures vanquished.

Vanquished Creatures (others)
  An ooze (D:3)
  A jackal (D:3)
  A rat (D:3)
3 creatures vanquished.

Grand Total: 50 creatures vanquished

Notes
Turn   | Place    | Note
-------+----------+-------------------------------------------
     0 | D:1      | 2tousent the Demonspawn Monk began the quest for the Orb.
     0 | D:1      | Reached XP level 1. HP: 18/18 MP: 1/1
   373 | D:1      | Gained mutation: You have large cloven feet. [demonic
                  | ancestry]
   373 | D:1      | Reached XP level 2. HP: 20/24 MP: 2/2
   896 | D:2      | Noticed Natasha
   907 | D:2      | Killed Natasha
   907 | D:2      | Reached skill level 4 in Fighting
   907 | D:2      | Reached XP level 3. HP: 26/31 MP: 3/3
  1077 | D:2      | Noticed Natasha
  1188 | D:2      | Reached skill level 5 in Fighting
  1188 | D:2      | Gained mutation: A weak demonic guardian rushes to your
                  | aid. [demonic ancestry]
  1188 | D:2      | Reached XP level 4. HP: 39/39 MP: 4/4
  1343 | D:2      | Killed Natasha
  1355 | D:2      | Found a faded altar of an unknown god.
  1373 | D:2      | Became a worshipper of Jiyva Jezamass the Shapeless
  1373 | D:2      | Reached * piety under Jiyva
  1373 | D:2      | Reached ** piety under Jiyva
  1404 | D:2      | Reached *** piety under Jiyva
  1546 | D:2      | Noticed Natasha
  1560 | D:2      | Killed Natasha
  1774 | D:3      | Reached XP level 5. HP: 38/46 MP: 5/5
  1821 | D:3      | Slain by a gnoll

Levels and vault maps discovered:
D:1:      saegor_arrival_simple_d, layout_loops_ring
D:2:      layout_loops_ring, chequers_ecumenical_altar_simple_redux,
          uniq_natasha
D:3:      minmay_recursive_quarters, layout_basic

Skill      XL: |  1  2  3 |
---------------+----------+-----
Fighting       | 4 5 |  5.9
Dodging        | |  2.6
Stealth        | |  1.7
Unarmed Combat | |  2.6

Action                   |  1- 3 |  4- 6 || total
-------------------------+-------+-------++-------
Melee: Unarmed           |   104 |    75 ||   179
       Kick              |    21 |    21 ||    42
Evoke: Wand              |       |     3 ||     3
  Use: Scroll            |       |     7 ||     7
 Stab: Sleeping          |     2 |     2 ||     4
  Eat: Chunk             |     1 |     1 ||     2
Armor: Robe              |     9 |       ||     9
       Ring mail         |    21 |    30 ||    51
Dodge: Dodged            |    67 |    44 ||   111

Table legend:
 A = Non-vault XP
 B = Vault XP
 C = Vault XP percentage of total XP
 D = Non-vault monster count
 E = Vault monster count
 F = Vault count percentage of total count
                 A         B        C        D         E       F
            +---------+---------+-------+---------+---------+-------
      Total |     185 |      44 |  19.2 |      44 |       3 |   6.4
            +---------+---------+-------+---------+---------+-------
        D:1 |      25 |       0 |   0.0 |      16 |       0 |   0.0
        D:2 |     117 |      36 |  23.5 |      15 |       1 |   6.2
        D:3 |      43 |       8 |  15.7 |      13 |       2 |  13.3
            +---------+---------+-------+---------+---------+-------
